 Dungeon Crawl Stone Soup version 0.27.1-3-gb3d3a73c9e (webtiles) character file.

Game seed: 2236185153783011601

649 earthworldpsion the Chopper (level 7, 0/62 HPs)
             Began as a Minotaur Berserker on Oct 20, 2021.
             Was a Priest of Trog.
             Slain by a river rat (2 damage)
             ... summoned by Eustachio
             ... on level 4 of the Dungeon.
             The game lasted 00:09:03 (3701 turns).

earthworldpsion the Chopper (Minotaur Berserker)    Turns: 3701, Time: 00:09:04

Health: 0/62       AC:  9    Str: 24    XL:     7   Next: 28%
Magic:  6/6        EV:  8    Int:  4    God:    Trog [***...]
Gold:   243        SH:  2    Dex:  9    Spells: 6/6 levels left

rFire    . . .     SeeInvis .   d - +0 flail (vorpal)
rCold    . . .     Faith    .   f - +0 buckler
rNeg     . . .     Spirit   .   k - +0 chain mail
rPois    .         Reflect  .   (helmet restricted)
rElec    .         Harm     .   (no cloak)
rCorr    .         Rampage  .   (no gloves)
Will     ++...                  (no boots)
Stlth    ..........             (no amulet)
HPRegen  1.20/turn              (no ring)
MPRegen  0.10/turn              (no ring)

@: lethally poisoned (0 -> -8), strong-willed, on berserk cooldown, regenerating
A: horns 2, retaliatory headbutt
a: Renounce Religion, Berserk, Trog's Hand


You were on level 4 of the Dungeon.
You worshipped Trog.
Trog was most pleased with you.
You visited 1 branch of the dungeon, and saw 4 of its levels.

You collected 243 gold pieces.

Inventory:

Hand Weapons
 a - a +0 hand axe
 d - a +0 vorpal flail (weapon)
 j - a +0 war axe
Armour
 b - a +0 animal skin
 f - a +0 buckler (worn)
 k - a +0 chain mail (worn)
Scrolls
 e - a scroll of teleportation {unknown}
 g - a scroll of blinking {unknown}
 h - a scroll of holy word {unknown}
 l - a scroll of amnesia {unknown}
 m - 2 scrolls of immolation {unknown}
 o - 2 scrolls of enchant weapon {unknown}
 p - a scroll of enchant armour {unknown}
 q - a scroll of noise {unknown}
 r - a scroll of identify {unknown}
Potions
 c - 2 potions of attraction {unknown}
 i - a potion of heal wounds {unknown}
 n - a potion of brilliance {unknown}
 t - a potion of curing {unknown}
 u - a potion of mutation {unknown}


   Skills:
 + Level 5.9 Fighting
 - Level 5.9 Axes
 + Level 0.3(3.6) Maces & Flails
 + Level 5.3 Armour
 + Level 4.8 Dodging


You had 6 spell levels left.
You didn't know any spells.
Your spell library was empty.

Dungeon Overview and Level Annotations

Branches:
Dungeon (4/15)             Temple (0/1) D:4

Altars:
Makhleb
The Shining One

Shops:
D:1 ::([*

Annotations:
D:4 Eustachio


Innate Abilities, Weirdness & Mutations

You have a pair of horns on your head.
You reflexively headbutt those who attack you in melee.


Message History

Eustachio blinks!
You hit the kobold.
You kill the kobold!
Trog accepts your kill.
You feel very sick. The bat completely misses you.
Eustachio casts a spell.
You miss the bat.
You feel sick.
The bat disappears in a puff of smoke!
You feel sick.
The river rat bites you but does no damage.
You closely miss the river rat.
You feel sick.
You are no longer poisoned.
The river rat barely misses you.
The river rat bites you but does no damage.
The river rat twitches its whiskers.
The river rat bites you but does no damage.
You completely miss the river rat. You block the river rat's attack.
The river rat twitches its whiskers.
The river rat bites you but does no damage. x3
You closely miss the river rat. Your headbutt misses the river rat.
You feel yourself speed up. The river rat barely misses you.
The river rat bites you.
Eustachio hits you with a +2 rapier of venom!
* * * LOW HITPOINT WARNING * * *
You are poisoned.
The river rat closely misses you. You block the river rat's attack.
You barely miss Eustachio.
You feel very sick.
Eustachio hits you with a +2 rapier of venom.
* * * LOW HITPOINT WARNING * * *
You are lethally poisoned!
The river rat bites you but does no damage.
The river rat twitches its whiskers.
The river rat barely misses you.
Eustachio mumbles some strange words.
Eustachio blinks!
* * * LOW HITPOINT WARNING * * *
You feel very sick. The river rat barely misses you. The river rat bites you.
You die...

######.......##
#..........)...
##.#...........#
#..#...........#
##.#...........## ...
##..#..........## ...
#..##..........# ....
### ##r.####.......##
.(.. ##.. #.@##
####...## ....[
#...##r## ##### .r...#
#..#..# ###
.....r#####..#.##
#.#### ..@...@..####.)#
#....####
....####......##
##.......# .. ###..@.#
#........## #####..#
#.........#
##.####.#####.........#


You could see Eustachio and 2 river rats.

Vanquished Creatures
  Edmund (D:4)
  A black bear (D:3)
  An ogre (D:3)
  A phantom (D:4)
  A water moccasin skeleton (D:3)
  A bullfrog zombie (D:3)
  5 adders
  8 gnolls
  An adder skeleton (D:4)
  2 worms
  2 dart slugs
  An orc (D:3)
  6 ball pythons
  8 bats
  An endoplasm (D:4)
  A giant cockroach (D:4)
  8 goblins
  9 hobgoblins
  6 jackals
  5 quokkas
  3 frilled lizards
  2 kobolds
  A quokka skeleton (D:2)
  4 rats
79 creatures vanquished.

Vanquished Creatures (others)
  3 plants (D:1)
3 creatures vanquished.

Grand Total: 82 creatures vanquished

Notes
Turn   | Place    | Note
-------+----------+-------------------------------------------
     0 | D:1      | earthworldpsion the Minotaur Berserker began the quest for
                  | the Orb.
     0 | D:1      | Reached XP level 1. HP: 19/19 MP: 0/0
    73 | D:1      | Found Qystoeru's Book Shop.
    87 | D:1      | Found Nupim's Book Emporium.
   304 | D:1      | Found Juamapimp's Armour Shop.
   323 | D:1      | Found Vaisoub's Antique Weapon Shoppe.
   430 | D:1      | Reached XP level 2. HP: 27/27 MP: 1/1
   453 | D:1      | Found Huwonui's General Store.
  1220 | D:2      | Reached XP level 3. HP: 33/33 MP: 2/2
  1222 | D:2      | Reached ** piety under Trog
  1283 | D:2      | Reached XP level 4. HP: 23/41 MP: 3/3
  1636 | D:2      | Found a glowing golden altar of the Shining One.
  1765 | D:2      | Found a faded altar of an unknown god.
  2076 | D:3      | Reached XP level 5. HP: 26/47 MP: 4/4
  2224 | D:3      | Noticed an ogre
  2233 | D:3      | Killed an ogre
  2234 | D:3      | Reached skill level 5 in Fighting
  2234 | D:3      | Reached skill level 5 in Axes
  2414 | D:3      | Reached XP level 6. HP: 54/56 MP: 5/5
  2541 | D:3      | Reached *** piety under Trog
  2753 | D:3      | Found a burning altar of Makhleb.
  2955 | D:4      | Reached skill level 5 in Armour
  3278 | D:4      | Noticed Edmund
  3296 | D:4      | Killed Edmund
  3297 | D:4      | Reached XP level 7. HP: 42/62 MP: 6/6
  3495 | D:4      | Found a staircase to the Ecumenical Temple.
  3659 | D:4      | Noticed Eustachio
  3701 | D:4      | HP: 2/62 [poisoned by Eustachio]
  3701 | D:4      | Slain by a river rat

Illustrated notes

Levels and vault maps discovered:
D:1:      dpeg_arrival_signposts, layout_loops_corners, serial_shops,
          shop_fountains, shop_fountains, nicolae_square_shop, shop,
          nicolae_shop_overgrown_old_shop, amcnicky_mini_corridor_feature,
          minmay_pentomino_s4
D:2:      layout_loops_ring, basic_altar,
          hellmonk_ecumenical_altar_inner_sanctum
D:3:      layout_basic, lemuel_doored_altar
D:4:      layout_cave_pods, nicolae_dithmenos_shadow_blocks,
          minmay_temple_entry_glassed_door, uniq_eustachio, uniq_sigmund,
          uniq_edmund

Skill      XL: |  1  2  3  4  5  6 |
---------------+-------------------+-----
Axes           | 4 5 |  5.9
Fighting       | 4 5 |  5.9
Armour         | 3 4 5 |  5.3
Dodging        | 3 4 |  4.8
Maces & Flails | |  0.3

Action                   |  1- 3 |  4- 6 |  7- 9 || total
-------------------------+-------+-------+-------++-------
Melee: Hand axe          |    55 |   143 |       ||   198
       Headbutt          |     9 |    19 |     5 ||    33
       Flail             |       |       |    28 ||    28
Throw: Throwing net      |       |     2 |     1 ||     3
Invok: Berserk           |     1 |     3 |     1 ||     5
       Trog's Hand       |       |       |     2 ||     2
 Stab: Sleeping          |     1 |       |       ||     1
       Held in net/web   |       |     1 |       ||     1
Armor: Animal skin       |     3 |       |       ||     3
       Chain mail        |    17 |    61 |    29 ||   107
Dodge: Dodged            |    25 |    46 |    29 ||   100
Block: Buckler           |     6 |     9 |     6 ||    21
